[ AOE2 MATCH · #463566766 ]
Team RMSpanish vs Aztecs
[ REPLAY ANALYSIS · EXTRACTED FROM THE RECORDED GAME ]
Feudal
10:47
Castle
23:50
Imperial
42:08
| APM avg | 15.5 |
| APM peak | 40 |
| eAPM avg | 9.8 |
| Villagers / military | 112 / 94 |
Focus
⚔️ 42.0% · 🌾 58.0%
Conquistador ×41 · Petard ×18 · Knight ×16 · Mangonel ×6 · Bombard Cannon ×5 · Spearman ×3
Feudal
12:24
Castle
24:34
Imperial
39:37
| APM avg | 33.5 |
| APM peak | 71 |
| eAPM avg | 21.5 |
| Villagers / military | 130 / 185 |
Focus
⚔️ 36.3% · 🌾 63.7%
Skirmisher ×88 · Eagle Scout ×78 · Trade Cart ×29 · Spearman ×7 · Trebuchet (Packed) ×6 · Jaguar Warrior ×5
Feudal
11:10
Castle
19:15
Imperial
33:00
| APM avg | 24.6 |
| APM peak | 61 |
| eAPM avg | 13.9 |
| Villagers / military | 134 / 216 |
Focus
⚔️ 23.5% · 🌾 76.5%
Knight ×199 · Trade Cart ×19 · Trebuchet (Packed) ×6 · Spearman ×5 · Scout Cavalry ×4 · Monk ×2
Feudal
15:41
Castle
26:25
Imperial
32:13
| APM avg | 18.5 |
| APM peak | 83 |
| eAPM avg | 11.2 |
| Villagers / military | 85 / 71 |
Focus
⚔️ 22.0% · 🌾 78.0%
Skirmisher ×49 · Trade Cart ×16 · Spearman ×13 · Bombard Cannon ×4 · Trebuchet (Packed) ×3 · Mangonel ×2
Feudal
13:12
Castle
23:47
Imperial
44:29
| APM avg | 30.2 |
| APM peak | 76 |
| eAPM avg | 12.8 |
| Villagers / military | 96 / 134 |
Focus
⚔️ 41.5% · 🌾 58.5%
Spearman ×62 · Skirmisher ×37 · Scout Cavalry ×14 · Trade Cart ×13 · Knight ×9 · Teutonic Knight ×9
Feudal
10:17
Castle
22:18
Imperial
39:23
| APM avg | 37.8 |
| APM peak | 84 |
| eAPM avg | 17.3 |
| Villagers / military | 146 / 200 |
Focus
⚔️ 37.3% · 🌾 62.7%
Archer ×101 · Scout Cavalry ×69 · Trade Cart ×20 · Camel Scout ×20 · Battering Ram ×3 · Trebuchet (Packed) ×3
Feudal
11:35
Castle
23:42
Imperial
38:56
| APM avg | 16.2 |
| APM peak | 49 |
| eAPM avg | 12.7 |
| Villagers / military | 128 / 187 |
Focus
⚔️ 43.2% · 🌾 56.8%
Skirmisher ×93 · Spearman ×56 · Plumed Archer ×23 · Archer ×11 · Trade Cart ×6 · Militia ×3
Feudal
12:51
Castle
25:40
Imperial
34:39
| APM avg | 40.0 |
| APM peak | 82 |
| eAPM avg | 16.4 |
| Villagers / military | 126 / 113 |
Focus
⚔️ 36.7% · 🌾 63.3%
Archer ×81 · Petard ×16 · Skirmisher ×9 · Unknown (2562) ×9 · Trebuchet (Packed) ×7 · Unknown (2550) ×6
Match map
Initial resources + every placement click. Lines = walls · curves = elevation contours. ◆ gold · ⬟ stone · ● berries · ✦ relic · ◌ wall gap
Your base· ✓ Closed at 23:50 · 0t walls · no gate
YIBI's base· ✓ Closed at 24:34 · 0t walls · no gate
Juanes's base· ✓ Closed at 19:15 · 13t walls · no gate
ZEKTARSTEK's base· ✓ Closed at 26:25 · 71t walls · 1 gate(s)
Escopeta V's base· ✓ Closed at 23:47 · 38t walls · 2 gate(s)
alexander114's base· ✓ Closed at 22:18 · 29t walls · 1 gate(s)
jorge.romo222's base· ✓ Closed at 23:42 · 32t walls · 2 gate(s)
Chamo's base· ✓ Closed at 25:40 · 28t walls · no gate
Smoothed initial terrain · ◌ = detected wall gap · hover for details
Inputs per minute
— Colombia SMG - - YIBI
Build order — Colombia SMG
First 150 of 217 actions detected
| 0:03 | Create | Villager (Male) |
| 0:04 | Create | Villager (Male) |
| 0:04 | Create | Villager (Male) |
| 0:04 | Create | Villager (Male) |
| 0:04 | Create | Villager (Male) |
| 0:10 | Build | House |
| 0:11 | Build | House |
| 1:48 | Create | Villager (Male) |
| 1:48 | Create | Villager (Male) |
| 2:22 | Create | Villager (Male) |
| 2:22 | Create | Villager (Male) |
| 2:22 | Create | Villager (Male) |
| 2:51 | Create | Villager (Male) |
| 2:51 | Create | Villager (Male) |
| 3:31 | Build | Mill |
| 3:47 | Create | Villager (Male) |
| 3:47 | Create | Villager (Male) |
| 3:47 | Create | Villager (Male) |
| 3:47 | Create | Villager (Male) |
| 5:01 | Build | House |
| 5:12 | Create | Villager (Male) |
| 5:12 | Create | Villager (Male) |
| 5:12 | Create | Villager (Male) |
| 5:58 | Create | Villager (Male) |
| 5:58 | Create | Villager (Male) |
| 7:11 | Create | Villager (Male) |
| 8:10 | Build | Lumber Camp |
| 8:37 | Research | Feudal Age |
| 9:33 | Build | House |
| 9:35 | Build | House |
| 9:55 | Create | Villager (Male) ×5 |
| 9:55 | Create | Villager (Male) ×5 |
| 9:56 | Create | Villager (Male) ×2 |
| 10:47 | Age | Feudal Age |
| 11:09 | Research | Horse Collar |
| 11:28 | Research | Double-Bit Axe |
| 11:40 | Build | Farm |
| 11:41 | Build | Farm |
| 11:51 | Build | Farm |
| 11:52 | Build | Farm |
| 11:53 | Build | Farm |
| 11:56 | Build | Farm |
| 11:58 | Build | Farm |
| 12:00 | Build | Farm |
| 12:43 | Create | Villager (Male) ×3 |
| 12:43 | Create | Villager (Male) ×3 |
| 13:56 | Build | Farm |
| 13:56 | Build | Farm |
| 13:57 | Build | Farm |
| 13:59 | Build | Farm |
| 14:00 | Build | Farm |
| 14:35 | Build | Mining Camp |
| 14:56 | Create | Villager (Male) |
| 14:57 | Create | Villager (Male) ×5 |
| 14:57 | Create | Villager (Male) ×5 |
| 15:07 | Build | House |
| 15:08 | Build | House |
| 15:11 | Build | House |
| 15:53 | Build | Barracks |
| 16:19 | Create | Villager (Male) ×5 |
| 16:19 | Create | Villager (Male) ×5 |
| 16:19 | Create | Villager (Male) ×2 |
| 17:22 | Build | Mining Camp |
| 18:06 | Build | Lumber Camp |
| 18:24 | Build | Farm |
| 18:25 | Build | Farm |
| 18:26 | Build | Farm |
| 18:28 | Build | Farm |
| 18:29 | Build | Farm |
| 18:31 | Build | Farm |
| 18:51 | Create | Spearman |
| 18:51 | Create | Spearman |
| 18:51 | Create | Spearman |
| 19:20 | Build | Archery Range |
| 19:38 | Build | Blacksmith |
| 20:28 | Build | House |
| 20:29 | Build | House |
| 20:46 | Build | Market |
| 20:54 | Build | House |
| 21:08 | Research | Castle Age |
| 21:32 | Build | Stable |
| 22:23 | Research | Fletching |
| 22:23 | Research | Padded Archer Armor |
| 23:31 | Create | Villager (Male) ×5 |
| 23:32 | Create | Villager (Male) ×5 |
| 23:32 | Create | Villager (Male) ×5 |
| 23:32 | Create | Villager (Male) ×4 |
| 23:50 | Age | Castle Age |
| 24:23 | Build | Town Center |
| 24:43 | Build | Siege Workshop |
| 24:52 | Research | Gold Mining |
| 24:54 | Research | Forging |
| 24:57 | Research | Leather Archer Armor |
| 24:57 | Research | Bodkin Arrow |
| 25:00 | Research | Bow Saw |
| 25:06 | Research | Heavy Plow |
| 25:44 | Research | Stone Mining |
| 25:51 | Create | Mangonel |
| 26:57 | Create | Villager (Male) ×5 |
| 26:57 | Create | Villager (Male) ×5 |
| 26:57 | Create | Villager (Male) ×5 |
| 27:04 | Build | Farm |
| 27:05 | Build | Farm |
| 27:13 | Build | Farm |
| 27:45 | Build | Mining Camp |
| 30:05 | Build | Castle |
| 31:30 | Create | Conquistador |
| 31:31 | Create | Conquistador |
| 31:31 | Create | Conquistador |
| 31:31 | Create | Conquistador |
| 31:31 | Create | Conquistador |
| 31:32 | Create | Conquistador |
| 31:32 | Create | Conquistador |
| 31:32 | Create | Conquistador |
| 31:32 | Create | Conquistador |
| 31:33 | Create | Conquistador |
| 31:33 | Create | Conquistador |
| 31:33 | Create | Conquistador |
| 31:33 | Create | Conquistador |
| 31:34 | Create | Conquistador |
| 31:34 | Create | Conquistador |
| 31:48 | Build | Town Center |
| 32:38 | Build | Monastery |
| 32:57 | Build | Farm |
| 32:59 | Build | Farm |
| 33:01 | Build | Farm |
| 33:02 | Build | Farm |
| 33:03 | Build | Farm |
| 33:03 | Build | Farm |
| 33:04 | Build | Farm |
| 33:05 | Build | Farm |
| 33:06 | Build | Farm |
| 33:07 | Build | Farm |
| 33:08 | Build | Farm |
| 33:18 | Build | Market |
| 33:26 | Build | University |
| 33:37 | Create | Conquistador |
| 33:37 | Create | Conquistador |
| 33:37 | Create | Conquistador |
| 33:37 | Create | Conquistador |
| 33:38 | Create | Conquistador |
| 33:38 | Create | Conquistador |
| 33:56 | Build | Siege Workshop |
| 34:31 | Build | Stable |
| 34:44 | Create | Mangonel |
| 34:44 | Create | Mangonel |
| 34:45 | Create | Mangonel |
| 35:16 | Research | Wheelbarrow |
| 35:18 | Create | Villager (Male) ×5 |
| 35:18 | Create | Villager (Male) ×5 |
Build order — YIBI
First 150 of 509 actions detected
| 0:01 | Research | Loom |
| 0:02 | Build | House |
| 0:03 | Build | House |
| 0:09 | Create | Villager (Male) ×4 |
| 0:19 | Build | Lumber Camp |
| 1:54 | Create | Villager (Male) |
| 2:28 | Create | Villager (Male) |
| 2:54 | Create | Villager (Male) |
| 3:26 | Create | Villager (Male) |
| 3:35 | Build | House |
| 3:45 | Create | Villager (Male) |
| 4:19 | Create | Villager (Male) |
| 4:20 | Create | Villager (Male) |
| 4:46 | Create | Villager (Male) |
| 5:21 | Create | Villager (Male) |
| 5:22 | Create | Villager (Male) |
| 5:44 | Build | Mill |
| 5:55 | Build | House |
| 6:06 | Create | Villager (Male) |
| 6:27 | Create | Villager (Male) |
| 6:40 | Create | Villager (Male) |
| 7:00 | Create | Villager (Male) |
| 7:05 | Build | Farm |
| 7:26 | Create | Villager (Male) |
| 8:14 | Create | Villager (Male) |
| 8:16 | Build | Mill |
| 8:17 | Create | Villager (Male) |
| 8:21 | Build | House |
| 8:35 | Build | Farm |
| 9:08 | Create | Villager (Male) |
| 9:26 | Create | Villager (Male) |
| 9:53 | Build | Mining Camp |
| 9:54 | Create | Villager (Male) |
| 10:07 | Build | House |
| 10:14 | Research | Feudal Age |
| 10:28 | Build | Lumber Camp |
| 10:45 | Build | Barracks |
| 10:46 | Build | House |
| 12:24 | Age | Feudal Age |
| 12:25 | Research | Wheelbarrow |
| 12:26 | Research | Double-Bit Axe |
| 12:35 | Research | Horse Collar |
| 12:39 | Build | Blacksmith |
| 12:46 | Create | Villager (Male) |
| 12:47 | Create | Villager (Male) |
| 13:26 | Research | Forging |
| 13:46 | Research | Scale Mail Armor |
| 14:00 | Create | Eagle Scout |
| 14:00 | Create | Eagle Scout |
| 14:02 | Build | Archery Range |
| 14:10 | Create | Villager (Male) |
| 14:11 | Build | Farm |
| 14:12 | Build | Farm |
| 14:12 | Build | Farm |
| 14:12 | Build | Farm |
| 14:12 | Build | Farm |
| 14:38 | Research | Gold Mining |
| 14:41 | Create | Villager (Male) |
| 14:54 | Create | Eagle Scout |
| 15:03 | Build | House |
| 15:04 | Build | House |
| 15:05 | Create | Skirmisher |
| 15:06 | Create | Skirmisher |
| 15:23 | Create | Villager (Male) |
| 15:42 | Create | Eagle Scout |
| 15:44 | Create | Skirmisher |
| 15:45 | Create | Skirmisher |
| 15:50 | Research | Fletching |
| 15:52 | Build | Farm |
| 15:53 | Create | Villager (Male) |
| 16:49 | Create | Eagle Scout |
| 16:50 | Create | Eagle Scout |
| 16:51 | Create | Skirmisher |
| 16:52 | Create | Skirmisher |
| 17:03 | Build | Farm |
| 17:03 | Create | Villager (Male) |
| 17:08 | Build | Market |
| 17:11 | Create | Villager (Male) |
| 17:14 | Build | House |
| 17:16 | Create | Skirmisher |
| 17:16 | Create | Skirmisher |
| 17:23 | Research | Padded Archer Armor |
| 17:35 | Build | Farm |
| 17:36 | Create | Villager (Male) |
| 17:41 | Create | Eagle Scout |
| 18:12 | Research | Arson |
| 18:23 | Build | House |
| 18:45 | Build | Mining Camp |
| 18:47 | Create | Villager (Male) |
| 18:49 | Build | Farm |
| 18:52 | Build | Farm |
| 19:28 | Build | Farm |
| 19:40 | Create | Villager (Male) |
| 19:40 | Create | Villager (Male) |
| 19:45 | Build | House |
| 19:47 | Create | Skirmisher |
| 19:47 | Create | Skirmisher |
| 20:25 | Create | Villager (Male) |
| 20:26 | Build | Farm |
| 20:43 | Create | Villager (Male) |
| 20:45 | Build | Farm |
| 20:49 | Build | Archery Range |
| 20:50 | Create | Skirmisher |
| 20:51 | Create | Skirmisher |
| 21:24 | Build | Farm |
| 21:27 | Build | Farm |
| 21:54 | Research | Castle Age |
| 21:58 | Create | Skirmisher |
| 21:59 | Create | Skirmisher |
| 21:59 | Create | Skirmisher |
| 22:07 | Create | Eagle Scout |
| 22:07 | Create | Eagle Scout |
| 22:07 | Create | Eagle Scout |
| 22:23 | Build | Barracks |
| 22:25 | Build | House |
| 22:48 | Create | Skirmisher |
| 22:49 | Create | Skirmisher |
| 22:49 | Create | Skirmisher |
| 23:42 | Create | Skirmisher |
| 23:54 | Create | Spearman |
| 23:55 | Create | Spearman |
| 23:56 | Create | Spearman |
| 23:56 | Create | Spearman |
| 23:57 | Create | Spearman |
| 23:57 | Create | Spearman |
| 23:57 | Create | Spearman |
| 24:21 | Create | Trade Cart |
| 24:22 | Create | Trade Cart |
| 24:25 | Build | Market |
| 24:34 | Age | Castle Age |
| 24:41 | Research | Pikeman (upgrade) |
| 24:47 | Research | Squires |
| 24:55 | Research | Iron Casting |
| 25:00 | Build | Town Center |
| 25:03 | Create | Villager (Male) |
| 25:03 | Create | Villager (Male) |
| 25:04 | Create | Villager (Male) |
| 25:04 | Create | Villager (Male) |
| 25:50 | Build | Farm |
| 25:52 | Build | Farm |
| 25:54 | Create | Villager (Male) |
| 25:54 | Create | Villager (Male) |
| 25:55 | Create | Villager (Male) |
| 25:55 | Create | Villager (Male) |
| 25:55 | Create | Villager (Male) |
| 26:39 | Build | Castle |
| 26:46 | Build | Castle |
| 26:49 | Create | Eagle Scout |
| 26:49 | Create | Eagle Scout |
| 26:51 | Create | Eagle Scout |
Build order — Juanes
First 150 of 324 actions detected
| 0:01 | Create | Villager (Male) |
| 0:01 | Create | Villager (Male) |
| 0:03 | Build | House |
| 0:04 | Build | House |
| 0:24 | Create | Villager (Male) |
| 0:25 | Create | Villager (Male) |
| 0:25 | Create | Villager (Male) |
| 1:30 | Create | Villager (Male) |
| 1:30 | Create | Villager (Male) |
| 1:46 | Build | Mill |
| 2:09 | Create | Villager (Male) |
| 2:25 | Create | Villager (Male) |
| 3:10 | Create | Villager (Male) |
| 3:31 | Create | Villager (Male) |
| 3:31 | Create | Villager (Male) |
| 3:45 | Build | House |
| 3:48 | Build | House |
| 3:50 | Create | Villager (Male) |
| 3:50 | Create | Villager (Male) |
| 4:25 | Create | Villager (Male) |
| 4:32 | Create | Villager (Male) |
| 4:36 | Build | House |
| 4:50 | Create | Villager (Male) |
| 5:23 | Build | Lumber Camp |
| 5:24 | Create | Villager (Male) |
| 5:28 | Create | Villager (Male) |
| 5:51 | Create | Villager (Male) |
| 5:52 | Create | Villager (Male) |
| 6:08 | Create | Villager (Male) |
| 6:31 | Create | Villager (Male) |
| 7:01 | Create | Villager (Male) |
| 7:41 | Create | Villager (Male) |
| 7:41 | Create | Villager (Male) |
| 7:51 | Create | Villager (Male) |
| 9:00 | Research | Feudal Age |
| 9:33 | Create | Villager (Male) |
| 9:33 | Create | Villager (Male) |
| 9:33 | Create | Villager (Male) |
| 9:53 | Create | Villager (Male) |
| 10:00 | Build | Lumber Camp |
| 10:20 | Create | Villager (Male) |
| 10:25 | Build | Farm |
| 10:28 | Build | Farm |
| 11:02 | Build | Farm |
| 11:09 | Build | Farm |
| 11:10 | Age | Feudal Age |
| 11:11 | Build | Farm |
| 11:14 | Build | Farm |
| 11:17 | Create | Villager (Male) |
| 11:22 | Research | Double-Bit Axe |
| 11:50 | Build | Farm |
| 11:55 | Build | Farm |
| 12:14 | Create | Villager (Male) |
| 12:21 | Create | Villager (Male) |
| 12:30 | Build | Farm |
| 12:57 | Create | Villager (Male) |
| 12:58 | Build | Farm |
| 13:00 | Create | Villager (Male) |
| 13:07 | Build | House |
| 13:10 | Build | House |
| 13:17 | Build | Farm |
| 13:19 | Create | Villager (Male) |
| 13:50 | Create | Villager (Male) |
| 13:51 | Build | Farm |
| 13:53 | Create | Villager (Male) |
| 14:07 | Build | Barracks |
| 14:13 | Create | Villager (Male) |
| 14:15 | Build | Farm |
| 14:16 | Create | Villager (Male) |
| 14:20 | Build | House |
| 14:22 | Build | House |
| 14:35 | Build | Farm |
| 14:46 | Create | Villager (Male) |
| 14:55 | Build | Market |
| 15:00 | Build | Farm |
| 15:15 | Build | Mining Camp |
| 15:18 | Build | Stable |
| 15:24 | Create | Villager (Male) |
| 15:26 | Build | Farm |
| 15:38 | Build | House |
| 15:49 | Build | House |
| 15:51 | Create | Villager (Male) |
| 15:54 | Build | Farm |
| 16:16 | Build | House |
| 16:17 | Build | House |
| 16:31 | Research | Castle Age |
| 16:35 | Build | House |
| 16:37 | Build | House |
| 16:41 | Build | Farm |
| 16:51 | Build | Farm |
| 16:54 | Create | Villager (Male) |
| 16:54 | Create | Villager (Male) |
| 17:06 | Research | Gold Mining |
| 17:31 | Build | Stone Wall |
| 17:39 | Create | Scout Cavalry |
| 17:39 | Create | Scout Cavalry |
| 17:40 | Create | Scout Cavalry |
| 17:43 | Create | Spearman |
| 17:43 | Create | Spearman |
| 17:44 | Create | Spearman |
| 17:44 | Create | Spearman |
| 18:11 | Build | Stone Wall |
| 18:14 | Build | Stone Wall |
| 18:20 | Create | Scout Cavalry |
| 18:21 | Create | Spearman |
| 18:28 | Create | Villager (Male) |
| 18:55 | Create | Villager (Male) |
| 19:02 | Build | Stable |
| 19:15 | Age | Castle Age |
| 19:24 | Build | House |
| 19:25 | Create | Villager (Male) |
| 19:31 | Create | Knight |
| 19:32 | Create | Knight |
| 20:18 | Create | Knight |
| 20:18 | Create | Knight |
| 20:18 | Create | Knight |
| 20:33 | Research | Husbandry |
| 20:52 | Create | Villager (Male) |
| 21:01 | Build | Stone Wall |
| 21:07 | Build | House |
| 21:09 | Create | Villager (Male) |
| 21:09 | Create | Villager (Male) |
| 21:23 | Build | Town Center |
| 21:48 | Build | House |
| 21:50 | Create | Villager (Male) |
| 21:51 | Create | Villager (Male) |
| 22:03 | Build | Town Center |
| 22:25 | Build | Gate |
| 22:39 | Create | Villager (Male) |
| 22:40 | Create | Villager (Male) |
| 22:42 | Build | Farm |
| 22:44 | Create | Villager (Male) |
| 22:56 | Build | Farm |
| 22:58 | Research | Bow Saw |
| 23:04 | Create | Knight |
| 23:04 | Create | Knight |
| 23:30 | Build | Blacksmith |
| 23:37 | Research | Gold Shaft Mining |
| 23:39 | Create | Villager (Male) |
| 23:40 | Create | Villager (Male) |
| 23:41 | Create | Villager (Male) |
| 23:41 | Create | Villager (Male) |
| 23:43 | Create | Villager (Male) |
| 23:44 | Create | Villager (Male) |
| 23:47 | Create | Villager (Male) |
| 23:47 | Create | Villager (Male) |
| 23:48 | Create | Villager (Male) |
| 23:59 | Build | Stone Wall |
| 24:45 | Create | Villager (Male) |
| 24:45 | Create | Villager (Male) |
Build order — ZEKTARSTEK
First 150 of 208 actions detected
| 0:03 | Create | Villager (Male) |
| 0:03 | Create | Villager (Male) |
| 0:03 | Create | Villager (Male) |
| 0:04 | Create | Villager (Male) |
| 0:04 | Create | Villager (Male) |
| 0:07 | Build | House |
| 0:08 | Build | House |
| 0:10 | Build | House |
| 1:38 | Create | Villager (Male) |
| 2:15 | Create | Villager (Male) |
| 2:41 | Create | Villager (Male) |
| 3:05 | Create | Villager (Male) |
| 3:27 | Create | Villager (Male) |
| 3:37 | Build | House |
| 3:43 | Build | Mill |
| 4:06 | Create | Villager (Male) |
| 4:32 | Create | Villager (Male) |
| 4:58 | Build | Lumber Camp |
| 5:02 | Create | Villager (Male) |
| 5:02 | Create | Villager (Male) |
| 5:02 | Create | Villager (Male) |
| 5:30 | Create | Villager (Male) |
| 5:30 | Create | Villager (Male) |
| 5:57 | Create | Villager (Male) |
| 6:09 | Build | Palisade Wall |
| 7:23 | Build | Palisade Wall |
| 7:28 | Build | Palisade Wall |
| 7:32 | Build | Palisade Wall |
| 7:50 | Create | Villager (Male) |
| 7:50 | Create | Villager (Male) |
| 7:51 | Create | Villager (Male) |
| 9:35 | Create | Villager (Male) |
| 9:35 | Create | Villager (Male) |
| 9:35 | Create | Villager (Male) |
| 9:52 | Create | Villager (Male) |
| 10:45 | Create | Villager (Male) |
| 10:55 | Create | Villager (Male) |
| 11:20 | Build | House |
| 12:03 | Create | Villager (Male) |
| 12:19 | Build | Barracks |
| 12:48 | Build | Mill |
| 13:06 | Create | Villager (Male) |
| 13:19 | Build | Mining Camp |
| 13:23 | Research | Feudal Age |
| 13:24 | Research | Loom |
| 14:07 | Create | Villager (Male) |
| 14:07 | Create | Villager (Male) |
| 14:54 | Build | Farm |
| 14:55 | Build | Farm |
| 14:55 | Build | Farm |
| 14:55 | Build | Farm |
| 14:55 | Build | Farm |
| 14:56 | Build | Farm |
| 14:56 | Build | Farm |
| 15:12 | Create | Villager (Male) |
| 15:13 | Create | Villager (Male) |
| 15:41 | Age | Feudal Age |
| 15:42 | Create | Villager (Male) |
| 15:51 | Research | Wheelbarrow |
| 16:05 | Build | Stone Wall |
| 16:07 | Build | Stone Wall |
| 16:44 | Build | House |
| 17:06 | Create | Villager (Male) |
| 17:15 | Build | House |
| 17:17 | Build | House |
| 17:19 | Build | House |
| 17:19 | Build | House |
| 17:21 | Build | House |
| 17:22 | Build | House |
| 17:23 | Build | House |
| 17:41 | Create | Villager (Male) |
| 17:44 | Research | Double-Bit Axe |
| 18:01 | Build | Mining Camp |
| 18:05 | Create | Villager (Male) |
| 18:14 | Research | Horse Collar |
| 18:19 | Build | Farm |
| 18:21 | Build | Farm |
| 18:23 | Build | Farm |
| 18:32 | Build | Farm |
| 18:34 | Create | Villager (Male) |
| 18:34 | Create | Villager (Male) |
| 18:46 | Create | Spearman |
| 18:46 | Create | Spearman |
| 18:47 | Create | Spearman |
| 19:05 | Create | Villager (Male) |
| 19:35 | Create | Villager (Male) |
| 20:38 | Create | Villager (Male) |
| 21:37 | Build | Market |
| 21:41 | Create | Villager (Male) |
| 22:13 | Build | Stone Wall |
| 22:25 | Create | Villager (Male) |
| 22:39 | Build | Blacksmith |
| 23:00 | Build | Market |
| 23:03 | Create | Villager (Male) |
| 23:03 | Create | Villager (Male) |
| 23:27 | Build | Gate |
| 23:37 | Build | Farm |
| 23:40 | Research | Castle Age |
| 23:44 | Create | Villager (Male) |
| 23:44 | Create | Villager (Male) |
| 23:45 | Create | Villager (Male) |
| 24:09 | Build | Farm |
| 24:19 | Create | Trade Cart ×5 |
| 24:19 | Create | Trade Cart ×5 |
| 26:25 | Age | Castle Age |
| 26:26 | Research | Gold Mining |
| 26:32 | Research | Bow Saw |
| 26:36 | Research | Heavy Plow |
| 26:46 | Build | Castle |
| 27:00 | Build | Town Center |
| 27:04 | Create | Villager (Male) |
| 27:05 | Create | Villager (Male) |
| 27:15 | Research | Gold Shaft Mining |
| 27:58 | Build | Archery Range |
| 29:03 | Research | Imperial Age |
| 29:16 | Build | Farm |
| 29:25 | Build | Mining Camp |
| 29:29 | Build | Farm |
| 29:51 | Build | Town Center |
| 29:57 | Research | Caravan |
| 30:04 | Create | Villager (Male) |
| 30:05 | Create | Villager (Male) |
| 30:10 | Create | Villager (Male) |
| 30:10 | Create | Villager (Male) |
| 30:10 | Create | Villager (Male) |
| 31:09 | Build | Siege Workshop |
| 31:15 | Research | Hand Cart |
| 31:16 | Create | Villager (Male) |
| 31:16 | Create | Villager (Male) |
| 31:39 | Create | Villager (Male) |
| 31:44 | Create | Villager (Male) |
| 31:44 | Create | Villager (Male) |
| 31:44 | Create | Villager (Male) |
| 32:07 | Create | Trade Cart ×3 |
| 32:08 | Create | Trade Cart ×3 |
| 32:13 | Age | Imperial Age |
| 32:39 | Build | University |
| 32:46 | Create | Mangonel |
| 33:08 | Research | Thumb Ring |
| 33:48 | Create | Trebuchet (Packed) |
| 33:58 | Research | Chemistry |
| 34:14 | Create | Mangonel |
| 34:25 | Build | Archery Range |
| 34:27 | Build | Archery Range |
| 34:28 | Build | Archery Range |
| 34:32 | Build | Archery Range |
| 34:34 | Build | Archery Range |
| 34:38 | Create | Villager (Male) |
| 34:38 | Create | Villager (Male) |
| 34:38 | Create | Villager (Male) |
Build order — Escopeta V
First 150 of 389 actions detected
| 0:19 | Create | Villager (Male) |
| 0:19 | Create | Villager (Male) |
| 0:21 | Research | Loom |
| 0:22 | Create | Villager (Male) |
| 0:22 | Create | Villager (Male) |
| 0:22 | Create | Villager (Male) |
| 0:22 | Create | Villager (Male) |
| 0:52 | Build | House |
| 0:53 | Build | House |
| 1:49 | Build | House |
| 1:51 | Build | House |
| 2:06 | Create | Villager (Male) |
| 2:07 | Create | Villager (Male) |
| 2:38 | Create | Villager (Male) |
| 3:38 | Build | Palisade Wall |
| 3:49 | Create | Villager (Male) |
| 3:49 | Create | Villager (Male) |
| 3:49 | Create | Villager (Male) |
| 4:16 | Create | Villager (Male) |
| 4:34 | Create | Villager (Male) |
| 5:03 | Create | Villager (Male) |
| 5:50 | Create | Villager (Male) |
| 6:15 | Build | Palisade Wall |
| 6:30 | Create | Villager (Male) |
| 6:30 | Create | Villager (Male) |
| 7:54 | Create | Villager (Male) |
| 7:54 | Create | Villager (Male) |
| 8:14 | Build | Palisade Gate |
| 8:38 | Create | Villager (Male) |
| 8:38 | Create | Villager (Male) |
| 8:41 | Build | Lumber Camp |
| 9:26 | Build | Mill |
| 10:57 | Build | Mill |
| 11:02 | Research | Feudal Age |
| 11:20 | Build | Mining Camp |
| 11:27 | Create | Villager (Male) |
| 11:27 | Create | Villager (Male) |
| 12:42 | Build | Mill |
| 12:56 | Create | Villager (Male) |
| 13:12 | Age | Feudal Age |
| 13:14 | Create | Villager (Male) |
| 13:14 | Create | Villager (Male) |
| 13:14 | Create | Villager (Male) |
| 13:15 | Research | Wheelbarrow |
| 13:21 | Research | Double-Bit Axe |
| 13:29 | Research | Gold Mining |
| 13:29 | Research | Gold Mining |
| 14:13 | Build | Watch Tower |
| 15:07 | Build | Market |
| 15:08 | Create | Villager (Male) |
| 15:09 | Create | Villager (Male) |
| 15:42 | Build | Barracks |
| 16:04 | Create | Villager (Male) |
| 16:05 | Create | Villager (Male) |
| 16:13 | Build | Blacksmith |
| 16:25 | Build | House |
| 16:39 | Build | House |
| 16:41 | Build | House |
| 17:02 | Research | Horse Collar |
| 17:04 | Create | Villager (Male) |
| 17:04 | Create | Villager (Male) |
| 17:14 | Build | House |
| 17:15 | Build | House |
| 17:20 | Build | Stone Wall |
| 17:26 | Build | Gate |
| 17:35 | Build | Stone Wall |
| 17:40 | Build | Stone Wall |
| 17:50 | Create | Villager (Male) |
| 18:01 | Build | Farm |
| 18:02 | Build | Farm |
| 18:04 | Build | Farm |
| 18:05 | Build | Farm |
| 18:08 | Build | Farm |
| 18:29 | Create | Villager (Male) |
| 18:30 | Create | Villager (Male) |
| 18:36 | Build | Farm |
| 18:36 | Build | Farm |
| 18:41 | Create | Villager (Male) |
| 18:45 | Build | Farm |
| 18:45 | Build | Farm |
| 18:47 | Build | Farm |
| 18:48 | Build | Farm |
| 18:58 | Create | Villager (Male) |
| 19:49 | Build | Farm |
| 19:51 | Build | Farm |
| 19:52 | Build | Farm |
| 21:07 | Research | Castle Age |
| 21:18 | Build | Mining Camp |
| 21:21 | Research | Stone Mining |
| 22:15 | Research | Forging |
| 22:16 | Research | Fletching |
| 22:40 | Build | Stable |
| 22:45 | Build | Stable |
| 22:48 | Research | Arson |
| 23:27 | Create | Spearman |
| 23:27 | Create | Spearman |
| 23:27 | Create | Spearman |
| 23:29 | Create | Spearman |
| 23:29 | Create | Spearman |
| 23:47 | Age | Castle Age |
| 23:52 | Research | Man-at-Arms (upgrade) |
| 23:53 | Research | Pikeman (upgrade) |
| 24:05 | Build | Stable |
| 24:09 | Research | Squires |
| 24:13 | Build | Barracks |
| 24:25 | Create | Spearman |
| 25:16 | Research | Gambesons |
| 25:47 | Create | Villager (Male) |
| 25:49 | Create | Villager (Male) |
| 25:52 | Research | Bow Saw |
| 25:54 | Research | Heavy Plow |
| 26:08 | Build | Town Center |
| 26:20 | Research | Bloodlines |
| 26:22 | Create | Knight |
| 26:22 | Create | Knight |
| 26:24 | Create | Spearman |
| 26:24 | Create | Spearman |
| 26:38 | Create | Villager (Male) |
| 26:39 | Create | Villager (Male) |
| 26:39 | Create | Villager (Male) |
| 26:39 | Create | Villager (Male) |
| 27:31 | Create | Knight |
| 27:31 | Create | Knight |
| 27:34 | Research | Scale Mail Armor |
| 27:35 | Research | Scale Barding Armor |
| 28:52 | Build | Castle |
| 28:55 | Create | Knight |
| 28:55 | Create | Knight |
| 28:56 | Create | Spearman |
| 28:57 | Create | Spearman |
| 28:57 | Create | Spearman |
| 29:40 | Build | Castle |
| 29:54 | Create | Knight |
| 29:58 | Create | Villager (Male) |
| 29:59 | Create | Villager (Male) |
| 29:59 | Create | Villager (Male) |
| 29:59 | Create | Villager (Male) |
| 29:59 | Create | Villager (Male) |
| 30:02 | Create | Villager (Male) |
| 30:02 | Create | Villager (Male) |
| 30:02 | Create | Villager (Male) |
| 30:11 | Build | Mining Camp |
| 30:14 | Create | Villager (Male) |
| 30:14 | Create | Villager (Male) |
| 31:21 | Research | Stone Shaft Mining |
| 31:21 | Research | Stone Shaft Mining |
| 31:21 | Research | Stone Shaft Mining |
| 31:36 | Create | Spearman |
| 31:37 | Create | Spearman |
| 31:37 | Create | Spearman |
Build order — alexander114
First 150 of 415 actions detected
| 0:01 | Create | Villager (Male) |
| 0:01 | Create | Villager (Male) |
| 0:01 | Create | Villager (Male) |
| 0:01 | Create | Villager (Male) |
| 0:03 | Build | House |
| 0:04 | Build | House |
| 1:18 | Research | Loom |
| 1:30 | Create | Villager (Male) |
| 1:30 | Create | Villager (Male) |
| 1:55 | Build | Lumber Camp |
| 2:07 | Create | Villager (Male) |
| 2:08 | Create | Villager (Male) |
| 2:27 | Create | Villager (Male) |
| 2:27 | Create | Villager (Male) |
| 2:50 | Create | Villager (Male) |
| 2:50 | Create | Villager (Male) |
| 3:34 | Create | Villager (Male) |
| 3:34 | Create | Villager (Male) |
| 3:51 | Build | House |
| 3:52 | Build | House |
| 3:58 | Create | Villager (Male) |
| 3:59 | Create | Villager (Male) |
| 4:08 | Create | Villager (Male) |
| 4:09 | Create | Villager (Male) |
| 4:22 | Create | Villager (Male) |
| 4:23 | Create | Villager (Male) |
| 5:18 | Create | Villager (Male) |
| 5:19 | Create | Villager (Male) |
| 5:19 | Create | Villager (Male) |
| 5:51 | Build | Mill |
| 5:58 | Create | Villager (Male) |
| 5:58 | Create | Villager (Male) |
| 5:58 | Create | Villager (Male) |
| 6:33 | Create | Villager (Male) |
| 7:01 | Create | Villager (Male) |
| 7:26 | Create | Villager (Male) |
| 8:08 | Research | Feudal Age |
| 8:08 | Research | Feudal Age |
| 8:16 | Build | Mill |
| 9:07 | Create | Villager (Male) |
| 9:07 | Create | Villager (Male) |
| 9:19 | Build | Barracks |
| 10:15 | Build | House |
| 10:17 | Age | Feudal Age |
| 10:20 | Research | Double-Bit Axe |
| 10:33 | Build | Archery Range |
| 10:37 | Build | Palisade Wall |
| 10:42 | Create | Villager (Male) |
| 10:54 | Create | Villager (Male) |
| 10:59 | Build | Palisade Wall |
| 11:14 | Build | Mining Camp |
| 11:21 | Create | Villager (Male) |
| 11:31 | Build | Palisade Wall |
| 11:33 | Create | Archer |
| 11:33 | Create | Archer |
| 11:36 | Create | Villager (Male) |
| 11:58 | Build | Palisade Wall |
| 12:05 | Create | Villager (Male) |
| 12:14 | Build | House |
| 12:30 | Create | Villager (Male) |
| 12:30 | Create | Villager (Male) |
| 12:32 | Create | Archer |
| 12:32 | Create | Archer |
| 12:51 | Create | Villager (Male) |
| 13:16 | Create | Archer |
| 13:29 | Create | Villager (Male) |
| 13:56 | Build | Palisade Gate |
| 13:59 | Build | House |
| 14:05 | Research | Wheelbarrow |
| 14:10 | Create | Archer |
| 14:14 | Build | House |
| 14:17 | Create | Villager (Male) |
| 14:18 | Create | Villager (Male) |
| 14:35 | Create | Archer |
| 14:52 | Build | House |
| 15:14 | Build | Lumber Camp |
| 15:30 | Build | Farm |
| 15:31 | Build | Farm |
| 15:33 | Build | Farm |
| 15:34 | Build | Farm |
| 15:43 | Create | Archer |
| 15:58 | Build | Farm |
| 15:59 | Build | Farm |
| 16:45 | Create | Archer |
| 16:45 | Create | Archer |
| 16:53 | Build | Farm |
| 16:55 | Build | Farm |
| 17:20 | Create | Villager (Male) |
| 17:20 | Create | Villager (Male) |
| 17:20 | Create | Villager (Male) |
| 17:36 | Build | Blacksmith |
| 17:42 | Build | Farm |
| 17:44 | Create | Archer |
| 18:16 | Create | Archer |
| 18:20 | Research | Fletching |
| 18:42 | Create | Archer |
| 18:59 | Create | Archer |
| 19:08 | Build | House |
| 19:10 | Research | Padded Archer Armor |
| 19:38 | Research | Castle Age |
| 19:48 | Create | Archer |
| 19:48 | Create | Archer |
| 20:14 | Build | Farm |
| 20:23 | Build | Stable |
| 21:03 | Create | Scout Cavalry |
| 21:03 | Create | Scout Cavalry |
| 21:03 | Create | Scout Cavalry |
| 21:04 | Create | Scout Cavalry |
| 21:11 | Build | Farm |
| 21:12 | Build | Farm |
| 21:12 | Build | Farm |
| 21:18 | Create | Archer |
| 21:18 | Create | Archer |
| 21:32 | Build | House |
| 21:44 | Build | House |
| 22:18 | Age | Castle Age |
| 22:20 | Research | Crossbowman (upgrade) |
| 22:21 | Research | Bodkin Arrow |
| 22:45 | Research | Leather Archer Armor |
| 22:53 | Create | Villager (Male) |
| 22:53 | Create | Villager (Male) |
| 22:54 | Create | Villager (Male) |
| 22:54 | Create | Villager (Male) |
| 23:22 | Build | House |
| 24:03 | Build | Town Center |
| 24:09 | Build | University |
| 24:10 | Create | Villager (Male) |
| 24:10 | Create | Villager (Male) |
| 24:10 | Create | Villager (Male) |
| 24:11 | Create | Villager (Male) |
| 24:37 | Create | Villager (Male) |
| 24:37 | Create | Villager (Male) |
| 24:37 | Create | Villager (Male) |
| 24:37 | Create | Villager (Male) |
| 24:45 | Build | Town Center |
| 24:52 | Create | Archer |
| 24:53 | Create | Archer |
| 24:53 | Create | Archer |
| 25:20 | Create | Villager (Male) |
| 25:20 | Create | Villager (Male) |
| 25:20 | Create | Villager (Male) |
| 25:20 | Create | Villager (Male) |
| 25:21 | Create | Villager (Male) |
| 25:28 | Build | Siege Workshop |
| 25:35 | Create | Archer |
| 25:35 | Create | Archer |
| 25:40 | Create | Villager (Male) |
| 26:01 | Create | Villager (Male) |
| 26:01 | Create | Villager (Male) |
| 26:01 | Create | Villager (Male) |
Build order — jorge.romo222
First 150 of 464 actions detected
| 0:02 | Research | Loom |
| 0:02 | Create | Villager (Male) |
| 0:02 | Create | Villager (Male) |
| 0:02 | Create | Villager (Male) |
| 0:03 | Create | Villager (Male) |
| 0:08 | Build | House |
| 0:09 | Build | House |
| 0:10 | Build | House |
| 0:11 | Build | House |
| 1:37 | Create | Villager (Male) |
| 2:09 | Create | Villager (Male) |
| 2:41 | Build | Lumber Camp |
| 2:45 | Create | Villager (Male) |
| 2:57 | Create | Villager (Male) |
| 3:19 | Create | Villager (Male) |
| 3:39 | Create | Villager (Male) |
| 4:24 | Create | Villager (Male) |
| 4:24 | Create | Villager (Male) |
| 5:15 | Create | Villager (Male) |
| 5:25 | Create | Villager (Male) |
| 5:26 | Create | Villager (Male) |
| 6:24 | Create | Villager (Male) |
| 6:24 | Create | Villager (Male) |
| 6:35 | Build | Mill |
| 7:11 | Create | Villager (Male) |
| 7:11 | Create | Villager (Male) |
| 7:45 | Create | Villager (Male) |
| 7:45 | Create | Villager (Male) |
| 8:11 | Create | Villager (Male) |
| 8:26 | Build | Barracks |
| 8:40 | Research | Feudal Age |
| 9:13 | Build | Mining Camp |
| 9:30 | Build | Mill |
| 9:33 | Create | Villager (Male) |
| 9:43 | Build | Palisade Wall |
| 10:01 | Build | House |
| 10:06 | Build | House |
| 10:36 | Build | Palisade Gate |
| 10:52 | Create | Militia |
| 10:53 | Create | Militia |
| 11:15 | Create | Villager (Male) |
| 11:15 | Create | Villager (Male) |
| 11:21 | Create | Militia |
| 11:28 | Build | House |
| 11:35 | Age | Feudal Age |
| 11:37 | Create | Villager (Male) |
| 11:45 | Build | Farm |
| 11:51 | Build | Farm |
| 11:55 | Build | Farm |
| 11:58 | Build | Farm |
| 12:00 | Create | Villager (Male) |
| 12:10 | Build | Archery Range |
| 12:15 | Create | Spearman |
| 12:46 | Create | Villager (Male) |
| 12:46 | Create | Villager (Male) |
| 13:04 | Build | House |
| 13:05 | Build | House |
| 13:08 | Create | Archer |
| 13:08 | Create | Archer |
| 13:08 | Create | Archer |
| 13:52 | Create | Archer |
| 13:52 | Create | Archer |
| 13:57 | Build | House |
| 13:57 | Build | House |
| 14:01 | Create | Villager (Male) |
| 14:01 | Create | Villager (Male) |
| 14:01 | Create | Villager (Male) |
| 14:07 | Research | Double-Bit Axe |
| 14:38 | Create | Archer |
| 14:38 | Create | Archer |
| 14:40 | Create | Spearman |
| 14:41 | Create | Spearman |
| 14:47 | Create | Villager (Male) |
| 14:47 | Create | Villager (Male) |
| 15:00 | Build | Farm |
| 15:10 | Build | House |
| 15:11 | Build | House |
| 15:23 | Build | Stone Wall |
| 15:37 | Build | Blacksmith |
| 15:40 | Create | Villager (Male) |
| 15:41 | Create | Villager (Male) |
| 15:48 | Create | Spearman |
| 15:56 | Build | Farm |
| 16:23 | Create | Skirmisher |
| 16:30 | Create | Villager (Male) |
| 16:30 | Create | Villager (Male) |
| 16:39 | Build | Lumber Camp |
| 16:43 | Build | Farm |
| 17:01 | Research | Fletching |
| 17:03 | Create | Villager (Male) |
| 17:03 | Create | Villager (Male) |
| 18:09 | Create | Villager (Male) |
| 18:09 | Create | Villager (Male) |
| 18:13 | Research | Padded Archer Armor |
| 18:47 | Build | Farm |
| 18:51 | Build | Farm |
| 18:54 | Build | Farm |
| 18:57 | Build | Farm |
| 19:00 | Build | Farm |
| 19:02 | Create | Villager (Male) |
| 19:02 | Create | Villager (Male) |
| 19:29 | Build | Farm |
| 19:34 | Build | Market |
| 21:03 | Research | Castle Age |
| 21:15 | Build | Mining Camp |
| 21:34 | Build | Gate |
| 21:56 | Create | Villager (Male) |
| 21:56 | Create | Villager (Male) |
| 21:56 | Create | Villager (Male) |
| 22:02 | Research | Stone Mining |
| 22:12 | Create | Spearman |
| 22:12 | Create | Spearman |
| 22:13 | Create | Spearman |
| 22:18 | Create | Skirmisher |
| 22:30 | Build | Farm |
| 22:35 | Build | Farm |
| 23:06 | Create | Spearman |
| 23:06 | Create | Spearman |
| 23:17 | Build | Farm |
| 23:28 | Research | Forging |
| 23:42 | Age | Castle Age |
| 23:48 | Research | Squires |
| 23:55 | Create | Villager (Male) |
| 24:04 | Build | Town Center |
| 24:30 | Create | Villager (Male) |
| 24:31 | Create | Villager (Male) |
| 24:51 | Build | Town Center |
| 24:59 | Create | Villager (Male) |
| 24:59 | Create | Villager (Male) |
| 25:04 | Research | Pikeman (upgrade) |
| 25:16 | Build | Farm |
| 25:20 | Create | Villager (Male) |
| 25:20 | Create | Villager (Male) |
| 25:25 | Build | Farm |
| 25:30 | Build | Farm |
| 25:33 | Build | Farm |
| 25:37 | Build | Farm |
| 25:39 | Build | Farm |
| 25:41 | Create | Villager (Male) |
| 25:41 | Create | Villager (Male) |
| 25:51 | Build | Market |
| 25:54 | Build | Market |
| 26:05 | Create | Spearman |
| 26:05 | Create | Spearman |
| 26:20 | Create | Archer |
| 26:21 | Create | Archer |
| 26:21 | Create | Archer |
| 26:21 | Create | Archer |
| 26:23 | Create | Spearman |
| 26:23 | Create | Spearman |
Build order — Chamo
First 150 of 412 actions detected
| 0:01 | Create | Villager (Male) |
| 0:01 | Create | Villager (Male) |
| 0:02 | Create | Villager (Male) |
| 0:02 | Create | Villager (Male) |
| 0:02 | Create | Villager (Male) |
| 0:03 | Build | House |
| 0:05 | Build | House |
| 1:45 | Create | Villager (Male) |
| 1:45 | Create | Villager (Male) |
| 2:07 | Create | Villager (Male) |
| 2:07 | Create | Villager (Male) |
| 2:27 | Create | Villager (Male) |
| 2:27 | Create | Villager (Male) |
| 2:48 | Build | Barracks |
| 2:56 | Create | Villager (Male) |
| 2:56 | Create | Villager (Male) |
| 3:07 | Create | Villager (Male) |
| 3:07 | Create | Villager (Male) |
| 3:37 | Create | Villager (Male) |
| 3:37 | Create | Villager (Male) |
| 3:38 | Create | Villager (Male) |
| 3:38 | Create | Villager (Male) |
| 4:12 | Build | House |
| 4:13 | Create | Villager (Male) |
| 4:14 | Create | Villager (Male) |
| 4:16 | Create | Villager (Male) |
| 4:16 | Create | Villager (Male) |
| 4:51 | Create | Unit 2550 |
| 4:51 | Create | Unit 2550 |
| 4:55 | Create | Villager (Male) |
| 4:55 | Create | Villager (Male) |
| 5:32 | Create | Villager (Male) |
| 5:32 | Create | Villager (Male) |
| 5:38 | Create | Unit 2550 |
| 5:38 | Create | Unit 2550 |
| 6:11 | Create | Villager (Male) |
| 6:11 | Create | Villager (Male) |
| 6:17 | Build | House |
| 7:03 | Create | Villager (Male) |
| 7:03 | Create | Villager (Male) |
| 7:19 | Create | Villager (Male) |
| 7:19 | Create | Villager (Male) |
| 7:19 | Create | Villager (Male) |
| 7:35 | Create | Villager (Male) |
| 7:35 | Create | Villager (Male) |
| 7:40 | Build | House |
| 7:42 | Build | Settlement |
| 8:24 | Build | Settlement |
| 9:21 | Research | Loom |
| 9:48 | Build | Settlement |
| 9:51 | Create | Villager (Male) |
| 9:52 | Create | Villager (Male) |
| 10:34 | Research | Feudal Age |
| 10:34 | Research | Feudal Age |
| 12:05 | Build | House |
| 12:10 | Build | Palisade Wall |
| 12:28 | Create | Villager (Male) |
| 12:28 | Create | Villager (Male) |
| 12:41 | Build | Settlement |
| 12:51 | Age | Feudal Age |
| 13:06 | Create | Unit 2550 |
| 13:07 | Create | Unit 2550 |
| 13:54 | Create | Villager (Male) |
| 13:55 | Create | Villager (Male) |
| 14:13 | Build | Palisade Wall |
| 14:14 | Build | Palisade Wall |
| 14:18 | Build | Palisade Wall |
| 14:29 | Create | Villager (Male) |
| 14:29 | Create | Villager (Male) |
| 14:39 | Build | Archery Range |
| 14:51 | Research | Tech 1402 |
| 15:02 | Build | Farm |
| 15:02 | Build | Farm |
| 15:03 | Build | Farm |
| 15:05 | Build | Settlement |
| 15:24 | Create | Villager (Male) |
| 15:24 | Create | Villager (Male) |
| 15:42 | Build | Farm |
| 15:43 | Build | Farm |
| 15:43 | Build | Farm |
| 16:09 | Build | Palisade Wall |
| 16:12 | Build | Palisade Wall |
| 16:16 | Create | Villager (Male) |
| 16:30 | Build | Blacksmith |
| 16:49 | Create | Villager (Male) |
| 17:20 | Create | Archer |
| 17:20 | Create | Archer |
| 17:22 | Build | Archery Range |
| 17:25 | Create | Skirmisher |
| 17:26 | Create | Skirmisher |
| 17:26 | Create | Skirmisher |
| 17:35 | Create | Villager (Male) |
| 17:35 | Create | Villager (Male) |
| 17:46 | Create | Skirmisher |
| 17:47 | Create | Skirmisher |
| 18:08 | Create | Skirmisher |
| 18:11 | Create | Skirmisher |
| 18:17 | Create | Villager (Male) |
| 18:19 | Create | Villager (Male) |
| 18:52 | Build | Settlement |
| 19:12 | Create | Villager (Male) |
| 19:13 | Create | Villager (Male) |
| 19:38 | Create | Skirmisher |
| 19:38 | Create | Skirmisher |
| 20:30 | Create | Villager (Male) |
| 20:31 | Create | Villager (Male) |
| 20:31 | Create | Villager (Male) |
| 21:06 | Create | Villager (Male) |
| 21:07 | Create | Villager (Male) |
| 21:13 | Create | Villager (Male) |
| 21:24 | Build | Market |
| 21:38 | Build | Farm |
| 21:38 | Build | Farm |
| 21:39 | Build | Farm |
| 21:39 | Build | Farm |
| 21:39 | Build | Farm |
| 21:39 | Build | Farm |
| 22:09 | Build | Settlement |
| 22:35 | Build | Farm |
| 22:35 | Build | Farm |
| 22:36 | Build | Farm |
| 22:36 | Build | Farm |
| 22:50 | Research | Castle Age |
| 22:56 | Build | Settlement |
| 23:07 | Research | Horse Collar |
| 23:22 | Build | Farm |
| 23:23 | Build | Farm |
| 23:23 | Build | Farm |
| 23:23 | Build | Farm |
| 23:23 | Build | Farm |
| 23:24 | Build | Farm |
| 23:32 | Build | Farm |
| 23:44 | Build | Farm |
| 24:01 | Create | Archer |
| 24:01 | Create | Archer |
| 24:02 | Create | Archer |
| 24:16 | Create | Archer |
| 24:16 | Create | Archer |
| 24:17 | Create | Archer |
| 24:17 | Create | Archer |
| 24:28 | Create | Archer |
| 24:28 | Create | Archer |
| 24:29 | Create | Archer |
| 24:29 | Create | Archer |
| 24:50 | Build | Farm |
| 25:26 | Create | Archer |
| 25:27 | Create | Archer |
| 25:27 | Create | Archer |
| 25:27 | Create | Archer |
| 25:28 | Create | Archer |
Match timeline
| 2:48 | Chamo · first_building Barracks |
| 3:38 | Escopeta V · wall_segment Palisade Wall x15 |
| 6:09 | ZEKTARSTEK · wall_segment Palisade Wall x9 |
| 6:15 | Escopeta V · wall_segment Palisade Wall x13 |
| 7:23 | ZEKTARSTEK · wall_segment Palisade Wall x8 |
| 7:28 | ZEKTARSTEK · wall_segment Palisade Wall x5 |
| 7:32 | ZEKTARSTEK · wall_segment Palisade Wall x17 |
| 8:26 | jorge.romo222 · first_building Barracks |
| 9:19 | alexander114 · first_building Barracks |
| 9:43 | jorge.romo222 · wall_segment Palisade Wall x11 |
| 10:17 | alexander114 · age_up feudal |
| 10:33 | alexander114 · first_building Archery Range |
| 10:37 | alexander114 · wall_segment Palisade Wall x1 |
| 10:45 | YIBI · first_building Barracks |
| 10:47 | Colombia SMG · age_up feudal |
| 10:59 | alexander114 · wall_segment Palisade Wall x9 |
| 11:10 | Juanes · age_up feudal |
| 11:31 | alexander114 · wall_segment Palisade Wall x5 |
| 11:35 | jorge.romo222 · age_up feudal |
| 11:58 | alexander114 · wall_segment Palisade Wall x14 |
| 12:10 | Chamo · wall_segment Palisade Wall x9 |
| 12:10 | jorge.romo222 · first_building Archery Range |
| 12:19 | ZEKTARSTEK · first_building Barracks |
| 12:24 | YIBI · age_up feudal |
| 12:51 | Chamo · age_up feudal |
| 13:12 | Escopeta V · age_up feudal |
| 14:02 | YIBI · first_building Archery Range |
| 14:07 | Juanes · first_building Barracks |
| 14:13 | Chamo · wall_segment Palisade Wall x1 |
| 14:14 | Chamo · wall_segment Palisade Wall x1 |
| 14:18 | Chamo · wall_segment Palisade Wall x1 |
| 14:39 | Chamo · first_building Archery Range |
| 15:18 | Juanes · first_building Stable |
| 15:23 | jorge.romo222 · wall_segment Stone Wall x21 |
| 15:41 | ZEKTARSTEK · age_up feudal |
| 15:42 | Escopeta V · first_building Barracks |
| 15:53 | Colombia SMG · first_building Barracks |
| 16:05 | ZEKTARSTEK · wall_segment Stone Wall x7 |
| 16:07 | ZEKTARSTEK · wall_segment Stone Wall x3 |
| 16:09 | Chamo · wall_segment Palisade Wall x13 |
| 16:12 | Chamo · wall_segment Palisade Wall x3 |
| 16:26 | Juanes · first_market_sell 100 wood |
| 17:20 | Escopeta V · wall_segment Stone Wall x4 |
| 17:31 | Juanes · wall_segment Stone Wall x7 |
| 17:35 | Escopeta V · wall_segment Stone Wall x2 |
| 17:40 | Escopeta V · wall_segment Stone Wall x6 |
| 18:11 | Juanes · wall_segment Stone Wall x5 |
| 18:14 | Juanes · wall_segment Stone Wall x1 |
| 19:15 | Juanes · age_up castle |
| 19:20 | Colombia SMG · first_building Archery Range |
| 20:23 | alexander114 · first_building Stable |
| 20:41 | Escopeta V · first_market_buy 100 food |
| 20:47 | Escopeta V · first_market_sell 100 wood |
| 21:01 | Juanes · wall_segment Stone Wall x7 |
| 21:32 | Colombia SMG · first_building Stable |
| 21:56 | Juanes · first_market_buy 100 stone |
| 22:13 | ZEKTARSTEK · wall_segment Stone Wall x22 |
| 22:18 | alexander114 · age_up castle |
| 22:40 | Escopeta V · first_building Stable |
| 22:46 | Chamo · first_market_buy 100 food |
| 23:42 | jorge.romo222 · age_up castle |
| 23:47 | Escopeta V · age_up castle |
| 23:50 | Colombia SMG · age_up castle |
| 23:59 | Juanes · wall_segment Stone Wall x2 |
| 24:34 | YIBI · age_up castle |
| 24:43 | Colombia SMG · first_building Siege Workshop |
| 25:28 | alexander114 · first_building Siege Workshop |
| 25:40 | Chamo · age_up castle |
| 25:49 | YIBI · first_market_buy 100 wood |
| 26:25 | ZEKTARSTEK · age_up castle |
| 26:39 | YIBI · first_building Castle |
| 26:46 | ZEKTARSTEK · first_building Castle |
| 26:52 | alexander114 · wall_segment Palisade Wall x6 |
| 26:53 | alexander114 · wall_segment Palisade Wall x1 |
| 26:54 | alexander114 · wall_segment Palisade Wall x5 |
| 27:21 | Juanes · first_building Castle |
| 27:34 | Chamo · wall_segment Stone Wall x4 |
| 27:47 | jorge.romo222 · first_building Castle |
| 27:58 | ZEKTARSTEK · first_building Archery Range |
| 28:20 | jorge.romo222 · first_building Monastery |
| 28:40 | YIBI · first_market_sell 100 food |
| 28:52 | Escopeta V · first_building Castle |
| 29:19 | Juanes · wall_segment Stone Wall x3 |
| 29:22 | Chamo · first_building Castle |
| 30:05 | Colombia SMG · first_building Castle |
| 31:05 | Juanes · first_building Monastery |
| 31:09 | ZEKTARSTEK · first_building Siege Workshop |
| 31:14 | Chamo · first_building Monastery |
| 32:13 | ZEKTARSTEK · age_up imperial |
| 32:23 | alexander114 · first_building Castle |
| 32:29 | Juanes · tribute_sent a jugador 1 |
| 32:29 | Juanes · tribute_sent a jugador 3 |
| 32:29 | Juanes · tribute_sent a jugador 4 |
| 32:29 | Juanes · tribute_sent a jugador 5 |
| 32:29 | Juanes · tribute_sent a jugador 6 |
| 32:29 | Juanes · tribute_sent a jugador 7 |
| 32:29 | Juanes · tribute_sent a jugador 8 |
| 32:38 | Colombia SMG · first_building Monastery |
| 33:00 | Juanes · age_up imperial |
| 33:05 | YIBI · wall_segment Stone Wall x16 |
| 33:07 | YIBI · wall_segment Stone Wall x3 |
| 33:10 | YIBI · wall_segment Stone Wall x2 |
| 33:12 | YIBI · wall_segment Stone Wall x1 |
| 34:08 | YIBI · first_building Monastery |
| 34:39 | Chamo · age_up imperial |
| 35:12 | Escopeta V · wall_segment Stone Wall x10 |
| 36:07 | Escopeta V · wall_segment Stone Wall x9 |
| 37:02 | Escopeta V · first_building Archery Range |
| 37:15 | ZEKTARSTEK · wall_segment Stone Wall x12 |
| 37:18 | ZEKTARSTEK · wall_segment Stone Wall x1 |
| 37:18 | ZEKTARSTEK · wall_segment Stone Wall x1 |
| 37:18 | ZEKTARSTEK · wall_segment Stone Wall x1 |
| 37:29 | Escopeta V · wall_segment Stone Wall x6 |
| 38:15 | ZEKTARSTEK · first_market_buy 100 stone |
| 38:26 | ZEKTARSTEK · wall_segment Stone Wall x10 |
| 38:56 | jorge.romo222 · age_up imperial |
| 39:23 | alexander114 · age_up imperial |
| 39:37 | YIBI · age_up imperial |
| 40:02 | ZEKTARSTEK · tribute_sent a jugador 1 |
| 40:02 | ZEKTARSTEK · tribute_sent a jugador 2 |
| 40:02 | ZEKTARSTEK · tribute_sent a jugador 4 |
| 40:02 | ZEKTARSTEK · tribute_sent a jugador 5 |
| 40:02 | ZEKTARSTEK · tribute_sent a jugador 6 |
| 40:02 | ZEKTARSTEK · tribute_sent a jugador 7 |
| 40:02 | ZEKTARSTEK · tribute_sent a jugador 8 |
| 41:02 | Escopeta V · wall_segment Stone Wall x9 |
| 42:02 | ZEKTARSTEK · wall_segment Stone Wall x3 |
| 42:05 | ZEKTARSTEK · wall_segment Stone Wall x10 |
| 42:08 | Colombia SMG · age_up imperial |
| 44:23 | Juanes · tribute_sent a jugador 1 |
| 44:23 | Juanes · tribute_sent a jugador 3 |
| 44:23 | Juanes · tribute_sent a jugador 4 |
| 44:23 | Juanes · tribute_sent a jugador 5 |
| 44:23 | Juanes · tribute_sent a jugador 6 |
| 44:23 | Juanes · tribute_sent a jugador 7 |
| 44:23 | Juanes · tribute_sent a jugador 8 |
| 44:26 | Chamo · tribute_sent a jugador 1 |
| 44:26 | Chamo · tribute_sent a jugador 2 |
| 44:26 | Chamo · tribute_sent a jugador 3 |
| 44:26 | Chamo · tribute_sent a jugador 4 |
| 44:26 | Chamo · tribute_sent a jugador 5 |
| 44:26 | Chamo · tribute_sent a jugador 6 |
| 44:26 | Chamo · tribute_sent a jugador 7 |
| 44:29 | Escopeta V · age_up imperial |
| 44:32 | Escopeta V · first_building Siege Workshop |
| 46:15 | Escopeta V · wall_segment Stone Wall x3 |
| 46:40 | ZEKTARSTEK · resign |
| 48:04 | Juanes · tribute_sent a jugador 1 |
| 48:04 | Juanes · tribute_sent a jugador 3 |
| 48:04 | Juanes · tribute_sent a jugador 4 |
| 48:04 | Juanes · tribute_sent a jugador 5 |
| 48:04 | Juanes · tribute_sent a jugador 6 |
| 48:04 | Juanes · tribute_sent a jugador 7 |
| 48:04 | Juanes · tribute_sent a jugador 8 |
| 50:00 | alexander114 · first_market_sell 100 food |
| 50:10 | Juanes · tribute_sent a jugador 1 |
| 50:10 | Juanes · tribute_sent a jugador 3 |
| 50:10 | Juanes · tribute_sent a jugador 4 |
| 50:10 | Juanes · tribute_sent a jugador 5 |
| 50:10 | Juanes · tribute_sent a jugador 6 |
| 50:10 | Juanes · tribute_sent a jugador 7 |
| 50:10 | Juanes · tribute_sent a jugador 8 |
[ AI ANALYSIS · 1 CREDIT ]
What really happened in this match?
Wolo.gg analyzes every decision: build order, eco, micro, common mistakes by bracket. Personalized analysis on WhatsApp or Discord in 30 seconds.
Civ guide
Spanish
Map guide
Oasis
Perfil
Jugador #1962543